 Dungeon Crawl Stone Soup version 0.22-a0-283-g1871b15 (webtiles) character file.

19557 Azzok the Geomancer (level 12, -29/77 HPs)
             Began as a Gargoyle Earth Elementalist on Mar 19, 2018.
             Was a High Priest of Vehumet.
             Killed from afar by an ice dragon (33 damage)
             ... with a blast of cold
             ... in an ice cave.
             The game lasted 00:33:55 (16120 turns).

Azzok the Geomancer (Gargoyle Earth Elementalist)  Turns: 16120, Time: 00:33:56

Health: -29/77     AC: 14    Str: 13    XL:     12   Next: 70%
Magic:  0/18       EV: 12    Int: 20    God:    Vehumet [*****.]
Gold:   1252       SH:  0    Dex: 10    Spells: 10/19 levels left

rFire    + . .     SeeInvis .   a - staff of earth
rCold    . . .     Gourm    .   (no shield)
rNeg     + . .     Faith    .   E - +2 robe {rF+}
rPois    ∞         Spirit   .   J - +0 hat {MR+}
rElec    +         Reflect  .   C - +0 cloak
rCorr    .         Harm     .   (no gloves)
MR       +....                  D - +0 pair of boots (curse)
Stlth    +++.......             M - amulet of regeneration
HPRegen  0.62/turn              y - ring of stealth
MPRegen  0.16/turn              (no ring)

@: no status effects
A: negative energy resistance 1, electricity resistance, unbreathing,
petrification resistance, rot immunity, AC +8
a: Renounce Religion


You were in an ice cave.
You worshipped Vehumet.
Vehumet was extremely pleased with you.
You were not hungry.

You visited 1 branch of the dungeon, and saw 12 of its levels.
You also visited: Sewer, Bailey and Ice Cave.

You collected 1252 gold pieces.

Inventory:

Hand Weapons
 b - a +0 whip of electrocution
Missiles
 e - 155 stones (quivered)
Armour
 h - a +2 shield
 C - a +0 cloak (worn)
 D - a cursed +0 pair of boots (worn)
 E - a +2 robe of fire resistance (worn)
 J - a +0 hat of magic resistance (worn)
Magical Staves
 a - an uncursed staff of earth (weapon)
Jewellery
 y - a ring of stealth (left hand)
 M - an amulet of regeneration (around neck)
Wands
 F - a wand of enslavement (6)
 G - a wand of polymorph (13)
 K - a wand of disintegration (27)
 L - a wand of paralysis (27)
Scrolls
 f - a scroll of immolation
 i - 2 scrolls of fear
 j - a scroll of magic mapping
 k - 2 scrolls of enchant armour
 l - 4 scrolls of blinking
 n - 5 scrolls of remove curse
 p - 4 scrolls of teleportation
 r - a scroll of identify
 t - a scroll of random uselessness {unknown}
 w - 3 scrolls of noise {unknown}
 x - 2 scrolls of brand weapon {unknown}
 A - 6 scrolls of enchant weapon {unknown}
 B - a scroll of torment {unknown}
 O - 3 scrolls of fog {unknown}
Potions
 g - 2 potions of agility
 m - 2 potions of magic {unknown}
 o - a potion of resistance {unknown}
 q - 2 potions of heal wounds {unknown}
 s - 3 potions of cancellation {unknown}
 u - a potion of flight {unknown}
 v - a potion of invisibility {unknown}
 z - 3 potions of degeneration {unknown}
 H - 4 potions of brilliance {unknown}
 I - a potion of might {unknown}
 N - 2 potions of curing {unknown}
Comestibles
 d - 19 rations


   Skills:
 - Level 10.1 Fighting
 - Level 1.5 Dodging
 - Level 2.1 Stealth
 + Level 4.4 Shields
 - Level 4.0 Spellcasting
 + Level 13.0 Conjurations
   Level 0.7 Transmutations
 + Level 14.8 Earth Magic


You had 10 spell levels left.
You knew the following spells:

 Your Spells              Type           Power        Failure   Level  Hunger
a - Sandblast             Erth           ######       1%          1    None
b - Stone Arrow           Conj/Erth      ######       1%          3    ###....
c - Lee's Rapid Deconstr  Erth           #######...   1%          5    ######.


Dungeon Overview and Level Annotations

Branches:
Dungeon (12/15)            Temple (0/1) D:7            Lair (0/6) D:11
    Orc (0/2) D:9

Altars:
Ashenzari
Dithmenos
Hepliaklqana
Makhleb
Nemelex Xobeh
Okawaru
Vehumet
Wu Jian
Zin

Shops:
D:6 }   D:11 (

Annotations:
D:10 Nib's ghost, novice DsGl
D:12 Urug


Innate Abilities, Weirdness & Mutations

You are resistant to torment.
Your stone body is resilient. (AC +8)
You are immune to poison.
You resist negative energy. (rN+)
You are resistant to electric shocks. (rElec)
You can survive without breathing.
You are immune to petrification.
You are immune to rotting.


Message History

* * * LOW HITPOINT WARNING * * *
Casting: Sandblast (safe; 1% risk of failure)
Confirm with . or Enter, or press ? or * to list all spells.
You don't have enough magic to cast that spell.
Casting: Sandblast (safe; 1% risk of failure)
Confirm with . or Enter, or press ? or * to list all spells.
Aiming: Sandblast (safe; 1% risk of failure)
Press: ? - help, Shift-Dir - straight line, f/p - ice dragon
Aim: an ice dragon (severely wounded, catching its breath)
You feel a surge of power!
The blast of sand hits the ice dragon.
The ice dragon is almost dead.
e - 155 stones
* * * LOW MAGIC WARNING * * *
The ice dragon bites you but does no damage.
The ice dragon barely misses you. The ice dragon tramples you!
* * * LOW HITPOINT WARNING * * *
You stumble backwards!
The ice dragon breathes frost at you. The blast of cold hits you!
You die...

▒▒▒▒▒▒▒▒ ▒▒▒▒······▒▒▒▒
▒▒▒·····▒······▒▒
▒······▒▒▒·▒▒D··▒
"=······$$▒▒▒·@▒▒▒▒▒
$=·····$$D$▒▒·▒▒···▒
$""···$$$$$$▒····▒·▒▒
▒··▒▒$$$$$$$▒▒▒▒·▒▒▒··▒▒
▒·▒≈▒▒▒▒▒▒▒▒▒ ▒▒▒
▒▒··▒▒▒▒ ▒≈≈≈≈≈≈
▒▒····▒▒▒▒ ≈≈≈≈≈
▒▒······▒▒▒ ≈≈≈≈
▒▒▒▒▒▒···▒▒ ▒·▒▒ ▒▒▒··▒


You could see an ice dragon.

Vanquished Creatures
  Gastronok (D:8)
  Erica (D:8)
  3 two-headed ogres
  Pikel (D:9)
  Maurice (D:8)
  2 centaur zombies
  2 ice statues (IceCv)
  Psyche (D:11)
  The ghost of sankara the Destroyer, a novice TeFE of Vehumet (D:6)
  4 rime drakes
  An efreet (D:12)
  3 trolls
  A hornet (D:11)
  2 hippogriffs
  9 yaks
  2 wyverns (D:10)
  A hungry ghost (D:7)
  4 vampire mosquitoes (D:12)
  A soldier ant (D:11)
  A water moccasin (D:10)
  3 porcupines (D:11)
  2 orc warriors
  A phantom (D:10)
  Purgy (Sewer)
  16 ice beasts
  A sky beast (D:7)
  4 slaves
  A black bear (D:11)
  3 necrophages (D:9)
  10 centaurs
  8 ogres
  A crocodile (D:10)
  3 big kobolds
  7 bullfrogs
  8 gnoll sergeants (Bailey)
  4 scorpions
  5 wights (D:11)
  4 killer bees (D:8)
  2 howler monkeys
  2 bullfrog zombies
  4 crimson imps
  6 jellies
  6 gnoll shamans (Bailey)
  5 orc priests
  6 hounds
  Crazy Yiuf (D:6)
  3 bullfrog skeletons
  12 orc wizards
  7 worker ants
  6 iguanas
  A hound skeleton (D:10)
  3 worker ant zombies
  18 gnolls
  2 howler monkey skeletons
  11 adders
  A shadow imp (D:7)
  An adder zombie (D:5)
  An ooze (D:2)
  An adder skeleton (D:7)
  4 worms
  2 dart slugs
  5 leopard geckos
  52 orcs
  A ball python (D:4)
  7 giant cockroaches
  10 goblins
  5 hobgoblins
  16 jackals
  2 quokkas
  8 bats
  7 frilled lizards
  A giant cockroach zombie (D:6)
  A jackal skeleton (D:5)
  25 kobolds
  A quokka zombie (D:7)
  8 rats
378 creatures vanquished.

Vanquished Creatures (others)
  36 fungi (D:11)
  25 plants (D:11)
61 creatures vanquished.

Grand Total: 439 creatures vanquished

Notes
Turn   | Place    | Note
-------+----------+-------------------------------------------
     0 | D:1      | Azzok the Gargoyle Earth Elementalist began the quest for the Orb.
     0 | D:1      | Reached XP level 1. HP: 10/10 MP: 3/3
   246 | D:1      | Reached skill level 4 in Earth Magic
   326 | D:1      | Reached XP level 2. HP: 13/15 MP: 5/5
   991 | D:2      | Reached XP level 3. HP: 19/19 MP: 6/6
  1027 | D:2      | Reached skill level 5 in Earth Magic
  1188 | D:2      | Learned a level 3 spell: Stone Arrow
  1706 | D:2      | Found a hazy altar of Hepliaklqana.
  1708 | D:2      | Reached XP level 4. HP: 23/24 MP: 7/7
  1870 | D:2      | Reached skill level 1 in Conjurations
  2695 | D:3      | Reached skill level 6 in Earth Magic
  2715 | D:3      | Reached XP level 5. HP: 19/28 MP: 5/8
  3356 | D:4      | Found a glowing drain.
  3360 | Sewer    | Entered a sewer
  3491 | Sewer    | Noticed Purgy
  3496 | Sewer    | Killed Purgy
  3496 | Sewer    | Reached XP level 6. HP: 28/32 MP: 5/9
  3890 | D:4      | Found a glowing silver altar of Zin.
  3938 | D:4      | Found a burning altar of Makhleb.
  3938 | D:4      | Noticed a blizzard demon
  4047 | D:4      | Found a radiant altar of Vehumet.
  4047 | D:4      | Found a shadowy altar of Dithmenos.
  4056 | D:4      | Found an ornate altar of the Wu Jian Council.
  4060 | D:4      | Became a worshipper of Vehumet
  4327 | D:5      | Entered Level 5 of the Dungeon
  4481 | D:5      | Reached skill level 7 in Earth Magic
  4488 | D:5      | Reached XP level 7. HP: 13/36 MP: 5/12
  4495 | D:5      | HP: 1/36 [gnoll/enchanted spear (11)]
  4985 | D:5      | Reached * piety under Vehumet
  4985 | D:5      | Offered knowledge of Freeze by Vehumet.
  5226 | D:5      | Learned a level 5 spell: Lee's Rapid Deconstruction
  5729 | D:6      | Reached skill level 5 in Conjurations
  5729 | D:6      | Reached skill level 8 in Earth Magic
  5729 | D:6      | Reached XP level 8. HP: 28/41 MP: 7/14
  5863 | D:6      | Found an iron altar of Okawaru.
  5945 | D:6      | Found Okher's Gadget Shoppe.
  5950 | D:6      | Found a shattered altar of Ashenzari.
  6075 | D:6      | Found a runed door.
  6079 | D:6      | Noticed Crazy Yiuf
  6081 | D:6      | Killed Crazy Yiuf
  6135 | D:6      | Noticed sankara's ghost (novice TeFE)
  6143 | D:6      | Killed sankara's ghost
  6143 | D:6      | Reached skill level 9 in Earth Magic
  6918 | D:7      | Reached XP level 9. HP: 45/45 MP: 5/15
  7018 | D:7      | Reached skill level 10 in Earth Magic
  7034 | D:7      | Reached skill level 1 in Fighting
  7550 | D:7      | Reached ** piety under Vehumet
  7550 | D:7      | Offered knowledge of Flame Tongue by Vehumet.
  7659 | D:7      | Found a staircase to the Ecumenical Temple.
  8141 | D:8      | Offered knowledge of Searing Ray by Vehumet.
  8434 | D:8      | Noticed Erica
  8438 | D:8      | Killed Erica
  8438 | D:8      | Reached skill level 5 in Fighting
  8438 | D:8      | Reached skill level 11 in Earth Magic
  8438 | D:8      | Reached XP level 10. HP: 59/59 MP: 2/16
  8947 | D:8      | Noticed Maurice
  8969 | D:8      | Noticed Gastronok
  9025 | D:8      | Killed Gastronok
  9025 | D:8      | Reached skill level 10 in Conjurations
  9025 | D:8      | Reached skill level 12 in Earth Magic
  9127 | D:8      | Killed Maurice
  9437 | D:9      | Reached *** piety under Vehumet
  9536 | D:9      | Noticed a two-headed ogre
  9536 | D:9      | Noticed a two-headed ogre
  9556 | D:9      | Killed a two-headed ogre
  9556 | D:9      | Reached XP level 11. HP: 67/67 MP: 9/17
  9558 | D:9      | Killed a two-headed ogre
  9626 | D:9      | Found a sparkling altar of Nemelex Xobeh.
  9987 | D:9      | Found a flagged portal.
  9995 | Bailey   | Entered a bailey
 10005 | Bailey   | Offered knowledge of Force Lance by Vehumet.
 10502 | Bailey   | Reached skill level 13 in Earth Magic
 10597 | Bailey   | Got a warped plate armour
 11124 | D:9      | Identified the +9 plate armour of Otofynov {Dex+3} (You found it in a bailey)
 11222 | D:9      | Reached **** piety under Vehumet
 11335 | D:9      | Noticed Pikel
 11634 | D:9      | Found a staircase to the Orcish Mines.
 11686 | D:9      | Killed Pikel
 12041 | D:10     | Entered Level 10 of the Dungeon
 12281 | D:10     | Offered knowledge of Mephitic Cloud by Vehumet.
 12309 | D:10     | Noticed Nib's ghost (novice DsGl)
 13196 | D:11     | Noticed Psyche
 13199 | D:11     | Killed Psyche
 13458 | D:11     | Reached ***** piety under Vehumet
 13671 | D:11     | Offered knowledge of Sticky Flame by Vehumet.
 13709 | D:11     | Reached XP level 12. HP: 77/77 MP: 2/18
 13990 | D:11     | Reached skill level 14 in Earth Magic
 14159 | D:11     | Found a staircase to the Lair.
 14161 | D:11     | Reached skill level 10 in Fighting
 14647 | D:11     | Found Hommem's Weapon Boutique.
 14871 | D:12     | Reached skill level 1 in Shields
 14955 | D:12     | Noticed a two-headed ogre
 14969 | D:12     | Killed a two-headed ogre
 15097 | D:12     | Found a frozen archway.
 15102 | D:12     | Noticed Urug
 15107 | IceCv    | Entered an ice cave
 15962 | IceCv    | Noticed an ice dragon
 15963 | IceCv    | Noticed an ice dragon
 16118 | IceCv    | HP: 3/77 [ice dragon (11)]
 16120 | IceCv    | Killed from afar by an ice dragon

Vault maps used:
D:1:      dpeg_arrival_short_road, minmay_misc_feat_diagonals,
          minmay_misc_feat_chi
D:2:      marbit_many_paths, serial_bayou_lagoon_a
D:4:      kennysheep_mini, makhleb_altar_promises_db, minitemple,
          gup_sewer_entry_bowl
D:5:      first_ration
D:6:      ashenzari_conservatory_becter, nicolae_overflow_crystal_walls,
          serial_shops, shop, serial_column_ruins, column_ruins_hut,
          column_ruins_circle_large, column_ruins_grid_3,
          column_ruins_corridor_straight, column_ruins_open_medium,
          column_ruins_open_tiny, column_ruins_corridor_straight,
          column_ruins_open_small, column_ruins_grid_3, uniq_crazy_yiuf_cottage
D:7:      minmay_temple_entry_metal_lava
D:8:      special_room, uniq_gastronok, uniq_erica, uniq_maurice
D:9:      nemelex_xobeh_ov_fountains_minmay, orc_0_dummy, enter_bailey_3,
          grunt_ogre_cave, uniq_grum, uniq_pikel
D:11:     due_lair_maze_entry_diamond, serial_shops, nicolae_shop_behind_doors,
          uniq_psyche
D:12:     cheibrodos_body_horror, portal_ice_cave_rime, uniq_urug
Sewer:    kennysheep_door_sewer
Bailey:   bailey_polearm_gnolls_kennysheep, bailey
IceCv:    ice_cave_small_dragons

Skill      XL: |  1  2  3  4  5  6  7  8  9 10 11 12 |
---------------+-------------------------------------+-----
Earth Magic    | 4 5 6 7 8 9 11 12 13 14 | 14.8
Conjurations   | 2 3 4 5 7 9 10 12 13 | 13.0
Spellcasting   | 3 4 |  4.0
Fighting       | 5 7 9 10 | 10.1
Shields        | 4 |  4.4
Dodging        | |  1.5
Stealth        | |  2.1
Transmutations | |  0.7

Action                   |  1- 3 |  4- 6 |  7- 9 | 10-12 || total
-------------------------+-------+-------+-------+-------++-------
Melee: Unarmed           |    16 |       |       |       ||    16
       Dagger            |    61 |   170 |   193 |    79 ||   503
       Whip              |       |       |       |   126 ||   126
       Staff             |       |       |       |    11 ||    11
 Cast: Sandblast         |     5 |    11 |    36 |   103 ||   155
       Stone Arrow       |       |     5 |    46 |   244 ||   295
       Lee's Rapid Decon |       |       |    12 |    15 ||    27
  Use: Scroll            |     3 |       |       |     8 ||    11
 Stab: Sleeping          |     8 |     9 |     6 |     1 ||    24
  Eat: Chunk             |     3 |     8 |    15 |    37 ||    63
       Ration            |       |       |     2 |     3 ||     5
Armor: Robe              |    32 |    38 |    75 |   164 ||   309
Dodge: Dodged            |    51 |    87 |   118 |   218 ||   474

Table legend:
 A = Spawn XP
 B = Non-spawn XP
 C = Spawn XP percentage of total XP
 D = Spawn monster count
 E = Non-spawn monster count
 F = Spawn count percentage of total count
 G = Total turns spent on level
                    A         B        C        D         E        F      G
               +---------+---------+-------+---------+---------+-------+---------
         Total |       0 |   27939 |   0.0 |       0 |     374 |   0.0 | 16120
               +---------+---------+-------+---------+---------+-------+---------
           D:1 |       0 |      33 |   0.0 |       0 |      20 |   0.0 |   989
           D:2 |       0 |      67 |   0.0 |       0 |      18 |   0.0 |  1217
           D:3 |       0 |      96 |   0.0 |       0 |      23 |   0.0 |  1098
           D:4 |       0 |      59 |   0.0 |       0 |      18 |   0.0 |   841
           D:5 |       0 |     629 |   0.0 |       0 |      27 |   0.0 |  1297
           D:6 |       0 |     842 |   0.0 |       0 |      16 |   0.0 |   985
           D:7 |       0 |    1555 |   0.0 |       0 |      31 |   0.0 |  1435
           D:8 |       0 |    4751 |   0.0 |       0 |      38 |   0.0 |  1520
           D:9 |       0 |    3932 |   0.0 |       0 |      36 |   0.0 |  1445
          D:10 |       0 |    3169 |   0.0 |       0 |      25 |   0.0 |  1241
          D:11 |       0 |    4098 |   0.0 |       0 |      41 |   0.0 |  1476
          D:12 |       0 |    3861 |   0.0 |       0 |      27 |   0.0 |   253
         Sewer |       0 |     161 |   0.0 |       0 |       6 |   0.0 |   182
        Bailey |       0 |    1216 |   0.0 |       0 |      30 |   0.0 |  1128
         IceCv |       0 |    3470 |   0.0 |       0 |      18 |   0.0 |  1013
               +---------+---------+-------+---------+---------+-------+---------
